 Dungeon Crawl Stone Soup version 0.30-a0-881-g1ff12e1e11 (webtiles) character file.

Game seed: 8376871253291712269

10 cforsyth the Firebug (level 2, -4/24 HPs)
             Began as an Ogre Fire Elementalist on Mar 14, 2023.
             Slain by a kobold
             ... wielding a +1 whip of electrocution
              (19 damage)
             ... on level 1 of the Dungeon.
             The game lasted 00:00:39 (482 turns).

cforsyth the Firebug (Ogre Fire Elementalist)        Turns: 482, Time: 00:00:40

Health: -4/24      AC:  3    Str: 11    XL:     2   Next: 20%
Magic:  1/5        EV:  9    Int: 16    God:
Gold:   16         SH:  0    Dex:  9    Spells: 5/6 levels left

rFire   . . .      SeeInvis .    (no weapon)
rCold   . . .      Faith    .    (no shield)
rNeg    . . .      Spirit   .    a - +0 robe
rPois   .          Reflect  .    (helmet restricted)
rElec   .          Rampage  .    (no cloak)
rCorr   .                        (gloves unavailable)
Will    .....                    (boots unavailable)
Stlth   +                        (no amulet)
HPRegen 0.24/turn                (no ring)
MPRegen 0.09/turn                (no ring)

@: no status effects
A: large, unfitting armour, tough skin 1
a: no special abilities


You were on level 1 of the Dungeon.
You visited 1 branch of the dungeon, and saw 1 of its levels.

You collected 16 gold pieces.

Inventory:

Armour
 a - a +0 robe (worn)
Scrolls
 c - 2 scrolls of magic mapping {unknown}
 d - a scroll of identify {unknown}
Potions
 b - a potion of magic
 e - a potion of curing {unknown}
 f - a potion of invisibility {unknown}


   Skills:
 - Level 1.8 Dodging
 - Level 1.4 Stealth
 + Level 2.7 Spellcasting
 + Level 1.2 Conjurations
 + Level 2.9 Fire Magic


You had 5 spell levels left.
You knew the following spells:

 Your Spells              Type           Power      Damage    Failure   Level
a - Foxfire               Conj/Fire      32%        2x1d5     9%          1

Your spell library contained the following spells:

 Spells                   Type           Power      Damage    Failure   Level
 Scorch                   Fire           22%        2d6       9%          2
 Inner Flame              Hex/Fire       6%         N/A       32%         3
 Kindle Blastsparks       Fire/Tloc/Air  10%        2d10      36%         3
 Flame Wave               Conj/Fire      8%         2d5       63%         4


Dungeon Overview and Level Annotations

Branches:
Dungeon (1/15)

Altars:


Innate Abilities, Weirdness & Mutations

You are too large for most types of armour.
You have tough skin. (AC +1)


Message History

You see here a fuming clear potion.
A hobgoblin is nearby!
A hobgoblin is nearby!
A hobgoblin is nearby!
f - a fuming clear potion The hobgoblin shouts!
You conjure some foxfire!
An endoplasm comes into view.
You conjure some foxfire!
The foxfire hits the hobgoblin.
The hobgoblin is heavily wounded.
The foxfire hits the hobgoblin.
The hobgoblin is almost dead.
The foxfire hits the hobgoblin.
You kill the hobgoblin!
The foxfire hits the endoplasm.
The endoplasm is lightly wounded.
An endoplasm is nearby!
An endoplasm is nearby!
You conjure some foxfire!
A kobold comes into view.
It is wielding a +1 whip of electrocution.
You miscast Foxfire.
You are very lightly contaminated with residual magic.
Nothing appears to happen.
The foxfire hits the endoplasm.
The endoplasm is heavily wounded.
The foxfire hits the endoplasm.
You kill the endoplasm!
You conjure some foxfire!
The foxfire hits the kobold but does no damage.
The foxfire hits the kobold but does no damage.
Your magical contamination has completely faded away.
The kobold hits you but does no damage. The kobold attacks as you move away!
The kobold hits you with a +1 whip of electrocution.
The kobold attacks as you move away!
The kobold hits you with a +1 whip of electrocution.
The kobold attacks as you move away!
The kobold hits you with a +1 whip of electrocution.
You are electrocuted!!
Ouch! That really hurt!
You die...

##..#.# #.......#.##.# ......#
#..#.......#... .....
......###..#.##.#.######..#.#
........#...................
.............##....#.#....#
......#....#.##....#.#....#
.....##...................#
..........................# ###.
.....###........@K.....#.|#.....
.....# #.....##.####.#.#..#.....
.....# #.....##.# #............
###### #........# #.#.#..#####..
#########....#######.#...........
#......................#..###....
#.################...###..# ..
...### #...# #..# .#...#### #..†#
....


You could see a kobold.

Vanquished Creatures
  A dart slug (D:1)
  2 endoplasms (D:1)
  A goblin (D:1)
  2 hobgoblins (D:1)
  A rat (D:1)
7 creatures vanquished.

Vanquished Creatures (others)
  27 foxfires (D:1)
27 creatures vanquished.

Grand Total: 34 creatures vanquished

Notes
Turn   | Place    | Note
-------+----------+-------------------------------------------
     0 | D:1      | cforsyth the Ogre Fire Elementalist began the quest for the
                  | Orb.
     0 | D:1      | Reached XP level 1. HP: 16/16 MP: 3/3
   235 | D:1      | Reached skill level 1 in Conjurations
   408 | D:1      | Reached XP level 2. HP: 23/24 MP: 0/5
   482 | D:1      | Slain by a kobold

Illustrated notes

Levels and vault maps discovered:
D:1:      minmay_arrival_split_and_join, layout_basic, minmay_tetromino_t4

Skill      XL: |  1 |
---------------+----+-----
Conjurations   | 1 |  1.2
Dodging        | |  1.8
Stealth        | |  1.4
Spellcasting   | |  2.7
Fire Magic     | |  2.9

Action                     || total
---------------------------++-------
  Melee: Unarmed           ||     1
   Cast: Foxfire           ||    16
 Armour: Robe              ||     3
  Dodge: Dodged            ||     1

Table legend: (Time is in decaauts)
 A = Elapsed time spent in this place.
 B = Non-inter-level travel time spent in this place.
 C = Inter-level travel time spent in this place.
 D = Time resting spent in this place.
 E = Time spent auto-exploring this place.
 F = Levels seen in this place.
 G = Mean time per level.
                   A        B        C        D        E       F      G
               +--------+--------+--------+--------+--------+-----+--------+
         Total |    482 |    482 |      0 |      0 |    415 |   1 |  482.0 |
       Dungeon |    482 |    482 |      0 |      0 |    415 |   1 |  482.0 |
               +--------+--------+--------+--------+--------+-----+--------+

Top non-repeatable levels by time:
     D:1: 482 daAuts
